 Dungeon Crawl Stone Soup version 0.31.0-32-g396128a36d (webtiles) character file.

Game seed: 6550195464863564818

91 Marvel the Chopper (level 4, 0/40 HPs)
             Began as a Hill Orc Fighter on Mar 23, 2024.
             Was an Initiate of Beogh.
             Slain by a gnoll
             ... wielding a +0 flail
              (3 damage)
             ... on level 4 of the Dungeon.
             The game lasted 00:02:52 (3023 turns).

Marvel the Chopper (Hill Orc Fighter)               Turns: 3023, Time: 00:02:53

Health: 0/40       AC:  6    Str: 20    XL:     4   Next: 57%
Magic:  4/4        EV:  9    Int:  8    God:    Beogh [......]
Gold:   228        SH:  4    Dex: 10    Spells: 3/3 levels left

rFire   . . .        a - +0 war axe
rCold   . . .        c - +0 buckler
rNeg    . . .        b - +0 scale mail
rPois   .            (no helmet)
rElec   .            (no cloak)
rCorr   .            (no gloves)
SInv    .            (no boots)
Will    .....        (no amulet) Stlth
                     (no ring)
HPRegen 0.26/turn    (no ring)
MPRegen 0.09/turn

%: no passive effects
@: no status effects
A: no striking features
a: Renounce Religion


You were on level 4 of the Dungeon.
You worshipped Beogh.
Beogh was noncommittal.
You visited 1 branch of the dungeon, and saw 4 of its levels.

You collected 228 gold pieces.

Inventory:

Hand Weapons
 a - a +0 war axe (weapon)
 o - the +1 short sword of Xinauxis {flame, rF+ Str+5 SInv}
   (You found it on level 4 of the Dungeon)

   Str+5:     It affects your strength (+5).
   rF+:       It protects you from fire.
   SInv:      It lets you see invisible.
Armour
 b - a +0 scale mail (worn)
 c - a +0 buckler (worn)
Scrolls
 i - 8 scrolls of identify {unknown}
 j - a scroll of immolation {unknown}
 k - 2 scrolls of teleportation {unknown}
 l - a scroll of revelation {unknown}
 m - a scroll of enchant weapon {unknown}
 n - a scroll of poison {unknown}
 p - a scroll of fear {unknown}
Potions
 d - 2 potions of might
 e - 5 potions of curing {unknown}
 f - 4 potions of brilliance {unknown}
 g - 2 potions of magic {unknown}
 h - 2 potions of berserk rage {unknown}


   Skills:
 + Level 4.1 Fighting
 + Level 5.0 Axes
 + Level 3.6 Armour
 + Level 3.6 Shields


You had 3 spell levels left.
You didn't know any spells.
Your spell library contained the following spells:

 Spells                   Type           Power      Damage    Failure   Level
 Cigotuvi's Dreadful Rot  Necr/Alch/Air  0%         N/A       92%         2
 Call Canine Familiar     Summ           0%         N/A       99%         3
 Inner Flame              Hex/Fire       0%         N/A       99%         3
 Sigil of Binding         Hex            0%         N/A       99%         3
 Dimensional Bullseye     Hex/Tloc       0%         N/A       100%        4
 Flame Wave               Conj/Fire      0%         2d4       100%        4
 Ignite Poison            Fire/Alch      0%         N/A       100%        4
 Sticky Flame             Fire/Alch      0%         2d4       100%        4
 Freezing Cloud           Conj/Ice/Air   0%         6-21      100%        5


Dungeon Overview and Level Annotations

Branches:
Dungeon (4/15)
 Temple: D:4-7

Altars:
Cheibriados


Message History

You are too injured to fight recklessly!
You are too injured to fight recklessly!
You are too injured to fight recklessly!
You are too injured to fight recklessly!
You are too injured to fight recklessly!
You are too injured to fight recklessly!
You are too injured to fight recklessly!
You are too injured to fight recklessly!
You are too injured to fight recklessly!
You are too injured to fight recklessly!
You are too injured to fight recklessly!
You are too injured to fight recklessly!
You are too injured to fight recklessly!
You are too injured to fight recklessly!
You are too injured to fight recklessly!
You are too injured to fight recklessly!
You are too injured to fight recklessly!
You are too injured to fight recklessly!
You are too injured to fight recklessly!
The gnoll attacks as it pursues you! The gnoll barely misses you.
The gnoll attacks as it pursues you! The gnoll closely misses you.
The gnoll attacks as it pursues you! The gnoll hits you with a +0 flail!
The gnoll attacks as it pursues you! You block the gnoll's attack.
The gnoll attacks as it pursues you! The gnoll barely misses you.
The gnoll attacks as it pursues you! The gnoll barely misses you.
The gnoll attacks as it pursues you! The gnoll barely misses you.
The gnoll attacks as it pursues you! The gnoll hits you with a +0 flail!
* * * LOW HITPOINT WARNING * * *
The gnoll attacks as it pursues you! The gnoll hits you but does no damage.
The gnoll attacks as it pursues you! The gnoll hits you with a +0 flail!
* * * LOW HITPOINT WARNING * * *
The gnoll attacks as it pursues you! The gnoll misses you.
The gnoll attacks as it pursues you! The gnoll closely misses you.
The gnoll attacks as it pursues you! You block the gnoll's attack.
The gnoll attacks as it pursues you! The gnoll hits you with a +0 flail.
* * * LOW HITPOINT WARNING * * *
The gnoll attacks as it pursues you! The gnoll hits you with a +0 flail.
* * * LOW HITPOINT WARNING * * *
The gnoll attacks as it pursues you! The gnoll hits you with a +0 flail.
You die...

#.........######..#
##.........# ##.#
#..######..# #.#
######..# ##.# #.#
.......## #))# #.##
.####..### ##.)#####
##.## ##
##...####..##...##
##.## ###
##.##.....##.g#..#
##.##
..###.########..@###.##
#..# .##..## #>.##
#.g####..# ###### #..##
##......## # ##
##..########### ## .##
###.....## ##. #.##
#####..# ##.# ##.#
##.## ##.## #.#
##.#####..# ##.#
######### ##..##..##


You could see a gnoll.

Vanquished Creatures
  3 adders
  A gnoll (D:4)
  A dart slug (D:3)
  2 ribbon worms (D:2)
  5 orcs
  4 endoplasms
  A giant cockroach (D:4)
  5 goblins
  A hobgoblin (D:1)
  3 quokkas
  A ball python (D:1)
  6 bats
  3 frilled lizards
  4 kobolds
  3 rats
43 creatures vanquished.

Notes
Turn   | Place    | Note
-------+----------+-------------------------------------------
     0 | D:1      | Marvel the Hill Orc Fighter began the quest for the Orb.
     0 | D:1      | Reached XP level 1. HP: 19/19 MP: 1/1
   321 | D:1      | Reached XP level 2. HP: 25/27 MP: 2/2
   594 | D:2      | Identified the +0 dagger of Amaupt {drain, *Noise ^Drain
                  | rElec Dex+3 Stlth+}
   720 | D:2      | Reached skill level 3 in Axes
   835 | D:2      | Reached XP level 3. HP: 33/33 MP: 3/3
  1367 | D:3      | Reached skill level 4 in Axes
  1760 | D:3      | Reached XP level 4. HP: 21/40 MP: 4/4
  2149 | D:4      | Became a worshipper of Beogh the Brigand
  2202 | D:4      | Found a snail-covered altar of Cheibriados.
  2203 | D:4      | Identified the +1 short sword of Xinauxis {flame, rF+ Str+5
                  | SInv}
  2979 | D:4      | Reached skill level 5 in Axes
  3022 | D:4      | HP: 2/40 [gnoll/+0 flail (3)]
  3023 | D:4      | Slain by a gnoll

Illustrated notes

Levels and vault maps discovered:
D:1:      nzn_arrival_crosshair, layout_loops_cross, solitary_fountain
D:2:      layout_rooms, serial_bayou_lake_a, uniq_crazy_yiuf_cottage
D:3:      layout_loops_ring, kennysheep_donut
D:4:      layout_layer_cave, general_overflow_altar, uniq_robin, uniq_duvessa

Skill      XL: |  1  2  3  4 |
---------------+-------------+-----
Fighting       | 4 |  4.1
Axes           | 3 4 5 |  5.0
Armour         | |  3.6
Shields        | |  3.6

Action                     |  1- 3 |  4- 6 || total
---------------------------+-------+-------++-------
  Melee: War axe           |   119 |    31 ||   150
 Invoke: Convert to Beogh  |       |     1 ||     1
 Armour: Scale mail        |    84 |    30 ||   114
  Dodge: Dodged            |    48 |    25 ||    73
  Block: Buckler           |    28 |    15 ||    43
